 Dungeon Crawl Stone Soup version 0.31-a0-881-ge136f0c47a (webtiles) character file.

Game seed: 9545557451713825685

100 inmateoo the Covered (level 4, 0/40 HPs)
             Began as a Minotaur Fighter on Oct 16, 2023.
             Killed from afar by Natasha (2 damage)
             ... with a magic dart
             ... on level 2 of the Dungeon.
             The game lasted 00:01:05 (981 turns).

inmateoo the Covered (Minotaur Fighter)              Turns: 981, Time: 00:01:06

Health: 0/40       AC:  9    Str: 20    XL:     4   Next: 47%
Magic:  3/3        EV:  9    Int:  5    God:
Gold:   90         SH:  5    Dex: 12    Spells: 3/3 levels left

rFire   . . .        a - +0 trident
rCold   . . .        c - +0 buckler
rNeg    . . .        b - +0 scale mail
rPois   .            (helmet restricted)
rElec   .            f - +0 cloak
rCorr   .            k - +0 pair of gloves
SInv    .            (no boots)
Will    .....        (no amulet) Stlth
                     (no ring)
HPRegen 0.26/turn    (no ring)
MPRegen 0.08/turn

%: no passive effects
@: no status effects
A: horns 2, retaliatory headbutt
a: no special abilities


You were on level 2 of the Dungeon.
You visited 1 branch of the dungeon, and saw 2 of its levels.

You collected 90 gold pieces.

Inventory:

Hand Weapons
 a - a +0 trident (weapon)
Armour
 b - a +0 scale mail (worn)
 c - a +0 buckler (worn)
 f - a +0 cloak (worn)
 k - a +0 pair of gloves (worn)
Jewellery
 o - a +6 ring of dexterity
Scrolls
 e - a scroll of immolation {unknown}
 g - 2 scrolls of identify {unknown}
 h - a scroll of brand weapon {unknown}
 l - 2 scrolls of fear {unknown}
 n - a scroll of enchant weapon {unknown}
Potions
 d - a potion of might
 i - 2 potions of enlightenment {unknown}
 j - a potion of cancellation {unknown}
 m - 2 potions of curing {unknown}


   Skills:
 + Level 4.2 Fighting
 * Level 3.9 Polearms
 + Level 4.2 Armour
 + Level 1.4 Dodging
 + Level 4.1 Shields


You had 3 spell levels left.
You didn't know any spells.
Your spell library contained the following spells:

 Spells                   Type           Power      Damage    Failure   Level
 Kiss of Death            Conj/Necr      0%         2d5       88%         1
 Sandblast                Erth           0%         2d4       88%         1
 Passwall                 Tmut/Erth      0%         N/A       95%         2
 Static Discharge         Conj/Air       0%         2-2/arc   95%         2
 Mephitic Cloud           Conj/Pois/Air  0%         N/A       99%         3
 Stone Arrow              Conj/Erth      0%         3d7       99%         3
 Anguish                  Hex/Necr       0%         N/A       100%        4
 Brom's Barrelling Bould  Conj/Erth      0%         2d3       100%        4


Dungeon Overview and Level Annotations

Branches:
Dungeon (2/15)

Altars:

Annotations:
D:2 Natasha


Innate Abilities, Weirdness & Mutations

You have a pair of horns on your head.
You reflexively headbutt those who attack you in melee.


Message History

You reach to attack!
You closely miss Natasha.
Natasha stares at you and mumbles some strange words.
The magic dart hits you.
Natasha is nearby!
You reach to attack!
You closely miss Natasha.
Natasha hisses.
Natasha claws you.
You hit Natasha.
Natasha is lightly wounded.
Natasha claws you.
You barely miss Natasha.
Natasha is lightly wounded.
Natasha claws you.
You hit Natasha.
Natasha is lightly wounded.
Natasha claws you!
You completely miss Natasha.
Natasha is lightly wounded.
Natasha wildly gestures.
Natasha's front paws start to glow.
Natasha claws you!
* * * LOW HITPOINT WARNING * * *
You are too injured to fight recklessly!
You hit Natasha. You headbutt Natasha.
Natasha is heavily wounded.
Natasha claws you.
* * * LOW HITPOINT WARNING * * *
You are too injured to fight recklessly!
You hit Natasha.
Natasha is severely wounded.
You block Natasha's attack.
Okay, then.
You hit Natasha.
Natasha is severely wounded.
Natasha claws you.
* * * LOW HITPOINT WARNING * * *
Natasha casts a spell at you. The magic dart hits you.
You die...
Natasha begins licking her fur clean.

#.# #......................
##.####..............†.......
##............:...............
##............#....###.........
#................#.............
#.............##.#####.........
#..............................
#.............h....####........
#.............@##..##.........)
###..............................
.†...........#.#.....########....
...............####..# #.....#
.............# ###..# #.....#
.............# #....## #.....#
........##### #..##..### #.....#
........########.###....###.....#
...........#.......##...........#


You could see Natasha.

Vanquished Creatures
  Terence (D:1)
  Natasha (D:2)
  An adder (D:2)
  4 ball pythons
  6 bats
  6 endoplasms
  2 giant cockroaches (D:1)
  2 hobgoblins (D:2)
  5 kobolds
  2 quokkas
  3 frilled lizards
  2 goblins (D:1)
  4 rats
39 creatures vanquished.

Notes
Turn   | Place    | Note
-------+----------+-------------------------------------------
     0 | D:1      | inmateoo the Minotaur Fighter began the quest for the Orb.
     0 | D:1      | Reached XP level 1. HP: 19/19 MP: 0/0
   108 | D:1      | Reached XP level 2. HP: 24/27 MP: 1/1
   146 | D:1      | Got a vibrating book
   554 | D:2      | Noticed Terence
   574 | D:1      | Killed Terence
   575 | D:1      | Reached skill level 1 in Dodging
   575 | D:1      | Reached XP level 3. HP: 9/33 MP: 2/2
   710 | D:2      | Noticed Natasha
   715 | D:2      | Killed Natasha
   716 | D:2      | Reached XP level 4. HP: 40/40 MP: 3/3
   971 | D:2      | Noticed Natasha
   981 | D:2      | HP: 2/40 [Natasha (1)]
   981 | D:2      | Killed from afar by Natasha

Illustrated notes

Levels and vault maps discovered:
D:1:      ncdulo_lavacross, layout_basic, minmay_surrounded
D:2:      layout_rooms, kennysheep_big_empty_room, roderic_filled_cross,
          uniq_terence, uniq_natasha

Skill      XL: |  1  2  3 |
---------------+----------+-----
Polearms       | 3 |  3.9
Fighting       | 4 |  4.2
Armour         | 4 |  4.2
Dodging        | 1 |  1.4
Shields        | 4 |  4.1

Action                     |  1- 3 |  4- 6 || total
---------------------------+-------+-------++-------
  Melee: Trident           |    81 |    25 ||   106
         Headbutt          |    11 |     3 ||    14
 Armour: Scale mail        |    48 |    15 ||    63
  Dodge: Dodged            |    29 |     2 ||    31
  Block: Buckler           |     6 |     2 ||     8

Table legend: (Time is in decaauts)
 A = Elapsed time spent in this place.
 B = Non-inter-level travel time spent in this place.
 C = Inter-level travel time spent in this place.
 D = Time resting spent in this place.
 E = Time spent auto-exploring this place.
 F = Levels seen in this place.
 G = Mean time per level.
                   A        B        C        D        E       F      G
               +--------+--------+--------+--------+--------+-----+--------+
         Total |    999 |    972 |     27 |    130 |    562 |   2 |  499.5 |
       Dungeon |    999 |    972 |     27 |    130 |    562 |   2 |  499.5 |
               +--------+--------+--------+--------+--------+-----+--------+

Top non-repeatable levels by time:
     D:1: 647 daAuts
     D:2: 352 daAuts
